 Dungeon Crawl Stone Soup version 0.31-a0-1165-g196b491b36 (webtiles) character file.

Game seed: 7974153222477470904

104 Sabo the Chopper (level 4, 0/41 HPs)
             Began as a Hill Orc Monk on Dec 9, 2023.
             Slain by a gnoll
             ... wielding a +0 halberd
              (5 damage)
             ... on level 3 of the Dungeon.
             The game lasted 00:15:47 (2671 turns).

Sabo the Chopper (Hill Orc Monk)                    Turns: 2671, Time: 00:15:47

Health: 0/41       AC: 10    Str: 15    XL:     4   Next: 80%
Magic:  4/4        EV:  4    Int: 10    God:
Gold:   175        SH:  0    Dex: 13    Spells: 3/3 levels left

rFire   . . .        a - +0 hand axe
rCold   . . .        d - orb {light}
rNeg    . . .        l - +0 plate armour
rPois   .            (no helmet)
rElec   .            (no cloak)
rCorr   .            (no gloves)
SInv    .            (no boots)
Will    +....        (no amulet) Stlth
                     (no ring)
HPRegen 0.26/turn    (no ring)
MPRegen 0.09/turn

%: no passive effects
@: enlightened, flying, glowing
A: no striking features
a: no special abilities


You were on level 3 of the Dungeon.
You visited 1 branch of the dungeon, and saw 3 of its levels.

You collected 175 gold pieces.

Inventory:

Hand Weapons
 a - a +0 hand axe (weapon)
Armour
 d - an orb of light (worn)
 l - a +0 plate armour (worn)
 p - a +3 leather armour
Talismans
 q - a beast talisman
Scrolls
 b - 3 scrolls of revelation
 e - 2 scrolls of teleportation
 f - 2 scrolls of fog
 j - a scroll of noise {unknown}
 n - a scroll of silence
Potions
 g - a potion of invisibility {unknown}
 h - a potion of curing {unknown}
 i - a potion of cancellation {unknown}
 k - 2 potions of enlightenment
 m - a potion of resistance {unknown}
 o - a potion of brilliance
 s - a potion of heal wounds {unknown}
 t - 2 potions of mutation {unknown}


   Skills:
 + Level 4.6 Fighting
 + Level 5.4 Axes
 + Level 1.7 Armour
 + Level 2.7 Dodging


You had 3 spell levels left.
You didn't know any spells.
Your spell library was empty.

Dungeon Overview and Level Annotations

Branches:
Dungeon (3/15)

Altars:

Shops:
D:1 (


Message History

The hobgoblin shouts!
You hit the hobgoblin.
You kill the hobgoblin!
Found a potion of brilliance.
Found a scroll of revelation.
o - a potion of brilliance You drop a potion of ambrosia.
b - 3 scrolls of revelation (gained 1)
Found 11 gold pieces.
A gnoll comes into view. It is wielding a +0 whip.
The gnoll shouts!
A gnoll comes into view. It is wielding a +0 halberd.
A gnoll comes into view. It is wielding a +0 halberd.
The gnoll shouts!
The gnoll barely misses you.
You hit the gnoll.
The gnoll is moderately wounded.
The gnoll hits you with a +0 whip.
You hit the gnoll but do no damage.
The gnoll is moderately wounded.
The gnoll hits you with a +0 whip.
You hit the gnoll.
The gnoll is heavily wounded.
The gnoll hits you from afar with a +0 halberd.
The gnoll hits you with a +0 whip.
You hit the gnoll.
You kill the gnoll!
The gnoll hits you from afar with a +0 halberd. x2
The gnoll barely misses you. The gnoll hits you with a +0 halberd.
You see here a +0 whip.
It was a potion of enlightenment.
You feel very buoyant.
You fly up into the air.
The gnoll completely misses you. The gnoll hits you but does no damage.
You slash the gnoll!
The gnoll is heavily wounded.
The gnoll hits you from afar with a +0 halberd!
* * * LOW HITPOINT WARNING * * *
The gnoll hits you with a +0 halberd.
You die...

# #..# . #..##
##..#
....####...######
#.............. #
#..#...!.###### #.#
##........# ..
...........#
#####.####.##.....#
.....gg@...##.....#
#####.####.......##
#.........####
########..########
#...........##
#.#...#####..##
#.#.........#..
#.###.####.###. #.#
#.# #.## ##


You could see 2 gnolls.

Vanquished Creatures
  5 gnolls (D:3)
  An adder (D:2)
  2 dart slugs
  An orc (D:3)
  3 endoplasms
  A giant cockroach (D:3)
  3 goblins
  4 hobgoblins
  2 jackals (D:1)
  2 kobolds
  2 quokkas
  4 ball pythons (D:2)
  5 bats
  A frilled lizard (D:1)
  6 rats
42 creatures vanquished.

Notes
Turn   | Place    | Note
-------+----------+-------------------------------------------
     0 | D:1      | Sabo the Hill Orc Monk began the quest for the Orb.
     0 | D:1      | Reached XP level 1. HP: 19/19 MP: 1/1
   103 | D:1      | Found Ytaxtian's Antique Weapon Boutique.
   222 | D:1      | Reached XP level 2. HP: 26/27 MP: 2/2
  1155 | D:2      | Reached XP level 3. HP: 30/33 MP: 3/3
  2344 | D:3      | Reached skill level 5 in Axes
  2349 | D:3      | Reached skill level 1 in Armour
  2349 | D:3      | Reached XP level 4. HP: 22/41 MP: 4/4
  2671 | D:3      | Slain by a gnoll

Illustrated notes

Levels and vault maps discovered:
D:1:      amcnicky_arrival_flooded_fountain, layout_loops_ring, serial_shops,
          nicolae_shop_pleasant_corner_grove, chequers_serial_rivers_micro_a,
          nicolae_eternal_life
D:2:      layout_basic, minmay_vboxes
D:3:      layout_loops_ring, minmay_joined_circles

Skill      XL: |  1  2  3 |
---------------+----------+-----
Fighting       | 4 |  4.6
Axes           | 5 |  5.4
Armour         | 1 |  1.7
Dodging        | |  2.7

Action                     |  1- 3 |  4- 6 || total
---------------------------+-------+-------++-------
  Melee: Hand axe          |    98 |    38 ||   136
  Throw: Stone             |     2 |       ||     2
    Use: Scroll            |     6 |       ||     6
         Potion            |       |     2 ||     2
 Armour: Robe              |     7 |       ||     7
         Plate armour      |    74 |    38 ||   112
  Dodge: Dodged            |    21 |     8 ||    29

Table legend: (Time is in decaauts)
 A = Elapsed time spent in this place.
 B = Non-inter-level travel time spent in this place.
 C = Inter-level travel time spent in this place.
 D = Time resting spent in this place.
 E = Time spent auto-exploring this place.
 F = Levels seen in this place.
 G = Mean time per level.
                   A        B        C        D        E       F      G
               +--------+--------+--------+--------+--------+-----+--------+
         Total |   2679 |   2679 |      0 |    256 |      0 |   3 |  893.0 |
       Dungeon |   2679 |   2679 |      0 |    256 |      0 |   3 |  893.0 |
               +--------+--------+--------+--------+--------+-----+--------+

Top non-repeatable levels by time:
     D:2: 1222 daAuts
     D:1: 879 daAuts
     D:3: 577 daAuts
